Unix NetHack Version 5.0.0-0 post-release - last build May 10 2026 23:12:36 (d1fa5d53e341ca933230fdaa984d921c805b60aa,branch:main).

Game began 2026-05-12 18:16:01, ended 2026-05-12 18:27:09.

Eymerich, chaotic male elven Priest

                  -------
      ------      |.(...|
      |....-#     |.....|       --------
      |>...|#     |<....-#######....^..|
      |....|#     |.....|       |...0...####
      |....|#     ----|--       |......|   0###
      ------#      ####         ------|-      ####### 0###################
            #     ##                  ##            ###     -------------|-
            #    ##                    #              ##    ..............|
           ##  ###                     #     --------- ##   |.............|
          ##  f#                       #     |.......| ###  |.............|
          #---@----------         -.---.-    |.......-## ###..............|
          #-.).o.........      ###......|    |.......|      ---------------
           |.......%....|         |..>..|    -.......|
           |............|         |......####|.......|
           |e...........+         |.....|####........|
           |............|         |.....|    ---------
           --------------         -------

Eymerich the Acolyte         St:10 Dx:11 Co:16 In:11 Wi:19 Ch:8  Chaotic
Dlvl:3  $:57 HP:0(31) Pw:40(40) AC:6  Xp:3 T:1196  Deaf

Latest messages:
 You see here 6 gold pieces.
 $ - 6 gold pieces (55 in total).
 You hear someone counting gold coins.
 You hear someone counting gold coins.
 You swap places with Puffa.
 You hear a door open.
 The door opens.
 You see here a hexagonal wand.
 s - a hexagonal wand.
 You see here 2 gold pieces.
 $ - 2 gold pieces (57 in total).
 You swap places with Puffa.
 The door resists!
 The door opens.
 With great effort you move the boulder.
 You try to move the boulder, but in vain.
 You try to move the boulder, but in vain.
 You try to move the boulder, but in vain.
 With great effort you move the boulder.
 Where do you want to travel to?
 (For instructions type a '?')
 What do you want to zap? [s or ?*]
 In what direction?
 You hit the floating eye.
 What do you want to throw? [$q or ?*]
 In what direction?
 The elven dagger hits the floating eye.
 What do you want to use or apply? [ghijs or ?*]
 You start playing your leather drum.
 You beat a deafening row!
 The floating eye turns to flee.
 You hit the floating eye.
 You miss the floating eye.
 You are frozen by the floating eye's gaze!
 The hobgoblin hits!
 The hobgoblin hits!
 The hobgoblin hits!
 The hobgoblin hits!
 The hobgoblin hits!
 The hobgoblin hits!
 The hobgoblin hits!
 The hobgoblin hits!
 The hobgoblin hits!
 The hobgoblin hits!
 The hobgoblin hits!
 The hobgoblin hits!
 You die...
 Do you want your possessions identified? [ynq] (y)
 Do you want to see your attributes? [ynq] (y)
 Do you want an account of creatures vanquished? [ynaq] (y)

Inventory:
 Coins    ('$')
  $ - 57 gold pieces
 Weapons  (')')
  a - a blessed +1 mace (weapon in right hand)
 Armor    ('[')
  m - a +0 pair of low boots (being worn)
  c - a +0 small shield (being worn)
  b - a blessed +0 robe (being worn)
 Comestibles  ('%')
  e - a clove of garlic
  p - a food ration
  o - a cursed food ration
  n - a lembas wafer
  f - a sprig of wolfsbane
 Scrolls  ('?')
  k - a scroll of teleportation
 Spellbooks  ('+')
  h - a spellbook of extra healing
  g - a spellbook of light
 Potions  ('!')
  r - a potion of levitation
  d - 4 potions of holy water
 Rings    ('=')
  l - a -2 ring of gain constitution
 Wands    ('/')
  s - a wand of undead turning (0:5)
 Tools    ('(')
  j - a leather drum
  i - a magic marker (0:21)

Eymerich the Priest's attributes:

Background:
 You were an Acolyte, a level 3 elven Priest.
 You were chaotic, nominally on a mission for Mars
 who was opposed by Mercury (lawful) and Venus (neutral).
 You were right-handed.
 You were in the Dungeons of Doom, on level 3.
 You entered the dungeon 1196 turns ago.
 You had 41 experience points, 39 more were needed to attain level 4.

Basics:
 You had 0 out of 31 hit points.
 You had all 40 energy points (spell power).
 Your armor class was 6.
 Your wallet contained 57 zorkmids.
 Autopickup was off.

Final Characteristics:
 Your strength was 10 (limit:18).
 Your dexterity was 11 (limit:18).
 Your constitution was 16 (limit:16).
 Your intelligence was 11 (limit:20).
 Your wisdom was 19 (limit:20).
 Your charisma was 8 (limit:18).

Final Status:
 You were deaf.
 You weren't hungry.
 You were unencumbered.
 You were wielding a mace.
 You had basic skill with mace.

Final Attributes:
 You were devoutly aligned.
 You had infravision.
 You were guarded.
 Your spell casting was enhanced by wearing a robe.
 You are dead.

Miscellaneous:
 You didn't encounter any bones levels.
 Total elapsed playing time was 11 minutes and 5 seconds.

Major events:
 Turn
    1: Eymerich the chaotic elven Priest entered the dungeon
  987: attained the rank of Acolyte (level 3)
 1196: killed by a hobgoblin, while frozen by a floating eye's gaze

Spells:
 Name                 Level Category     Fail Retention
 light                  1   clerical       0%  91%-100%
 extra healing          3   healing       61%  76%-100%

Skills:
 Fighting Skills
   bare handed combat [Unskilled]
 Weapon Skills
   club               [Unskilled]
   mace               [Basic]
   morning star       [Unskilled]
   flail              [Unskilled]
   hammer             [Unskilled]
   quarterstaff       [Unskilled]
   polearms           [Unskilled]
   spear              [Unskilled]
   trident            [Unskilled]
   lance              [Unskilled]
   bow                [Unskilled]
   sling              [Unskilled]
   crossbow           [Unskilled]
   dart               [Unskilled]
   shuriken           [Unskilled]
   boomerang          [Unskilled]
   unicorn horn       [Unskilled]
 Spellcasting Skills
   healing spells     [Unskilled]
   divination spells  [Unskilled]
   clerical spells    [Basic]

Voluntary challenges:
 Character rerolling was not enabled.
 You were an atheist.
 You were illiterate.
 You never genocided any monsters.
 You never polymorphed an object.
 You never changed form.
 You used no wishes.
Achievement:
 You attained the rank of Acolyte.

 The Dungeons of Doom: levels 1 to 4
    Level 1: "locked chest"
    Level 2:
    Level 3: "vault" <- You were here.
       Final resting place for
          you, killed by a hobgoblin, while frozen by a floating eye's gaze.
    Level 4:


Vanquished creatures:
  a shrieker
  a little dog
  a kitten
  a hobbit
  a giant rat
  a gecko
  4 jackals
  a fox
  4 grid bugs
  2 lichens
  2 kobold zombies
  3 newts
22 creatures vanquished.

No species were genocided or became extinct.

Game over:
                       ----------
                      /          \
                     /    REST    \
                    /      IN      \
                   /     PEACE      \
                  /                  \
                  |     Eymerich     |
                  |      57 Au       |
                  |   killed by a    |
                  |    hobgoblin     |
                  |                  |
                  |                  |
                  |       2026       |
                 *|     *  *  *      | *
        _________)/\\_//(\/(/\)/\//\/|_)_______

Goodbye Eymerich the Priest...

You died in The Dungeons of Doom on dungeon level 3 with 366 points,
and 57 pieces of gold, after 1196 moves.
You were level 3 with a maximum of 31 hit points when you died.

